 Dungeon Crawl Stone Soup version 0.20.0-6-gd3061e9 (webtiles) character file.

8363 grindst0ne the Fighter (level 11, -1/105 HPs)
             Began as a Formicid Fighter on May 28, 2017.
             Was a Priest of Trog.
             Slain by a skeletal warrior
             ... wielding a +1 dire flail of flaming
              (3 damage)
             ... in a volcano.
             The game lasted 00:28:32 (9973 turns).

grindst0ne the Fighter (Formicid Fighter)           Turns: 9973, Time: 00:28:32

Health: -1/105     AC: 15    Str: 23    XL:     11   Next: 54%
Magic:  18/18      EV:  7    Int:  8    God:    Trog [***...]
Gold:   599        SH: 12    Dex: 13    Spells: 10/10 levels left

rFire    . . .     SeeInvis +   u - +2 war axe (curse)
rCold    + . .     Gourm    +   c - +0 shield
rNeg     . . .     Faith    .   n - +0 plate armour
rPois    .         Spirit   .   (helmet unavailable)
rElec    .         Reflect  .   (no cloak)
rCorr    .         Harm     .   (no gloves)
MR       ++...                  (no boots)
Stlth    ..........             d - amulet of the gourmand
Regen    0.3/turn               g - ring of protection from magic
MPRegen  0.2/turn               j - ring of protection from cold

@: no status effects
A: permanent stasis, dig shafts and tunnels, four strong arms, antennae 3,
talons 1, rugged brown scales 1, robust 1, strong 1
a: Dig, Shaft Self, Trog's Hand, Burn Spellbooks, Renounce Religion


You were in a volcano.
You worshipped Trog.
Trog was most pleased with you.
You were not hungry.

You visited 3 branches of the dungeon, and saw 12 of its levels.
You also visited: Volcano.

You collected 599 gold pieces.

Inventory:

Hand Weapons
 a - a +1 war axe
 u - a cursed +2 war axe (weapon)
Armour
 b - a +0 scale mail
 c - a +0 shield (worn)
 n - a +0 plate armour (worn)
Jewellery
 d - an amulet of the gourmand (around neck)
 g - a ring of protection from magic (left hand)
 j - a ring of protection from cold (right hand)
 A - an uncursed amulet of regeneration
 D - an uncursed ring of positive energy
Wands
 x - a wand of random effects (22/48)
 y - a wand of random effects (25/48)
 F - a wand of lightning (10/15)
 L - a wand of acid (4/15)
Scrolls
 e - 6 scrolls of remove curse
 i - 6 scrolls of identify
 p - 2 scrolls of magic mapping
 z - a scroll of fear
 K - a scroll of recharging
Potions
 h - 2 potions of agility
 l - 4 potions of lignification
 m - 3 potions of flight
 o - 2 potions of resistance
 t - 5 potions of curing
 v - a potion of invisibility
 w - a potion of brilliance
 C - a potion of ambrosia
 G - 2 potions of magic
 J - 2 potions of heal wounds
Comestibles
 f - 4 bread rations
 r - 7 meat rations
 s - 6 fruits
 B - 8 royal jellies


   Skills:
 - Level 11.1 Fighting
 - Level 2.0 Axes
 - Level 10.1 Armour
 - Level 9.0 Shields
 + Level 9.7 Evocations


You had 10 spell levels left.
You didn't know any spells.

Dungeon Overview and Level Annotations

Branches:
Dungeon (10/15)            Temple (1/1) D:7            Lair (1/6) D:8
    Orc (0/2) D:10

Altars:
Ashenzari
Cheibriados
Dithmenos
Elyvilon
Fedhas
Gozag
Hepliaklqana
Kikubaaqudgha
Makhleb
Nemelex Xobeh
Okawaru
Qazlal
Ru
Sif Muna
Trog
Uskayaw
Vehumet
Xom
Yredelemnul
Zin
The Shining One
Lugonu


Innate Abilities, Weirdness & Mutations

You cannot be hasted, slowed, berserked, paralysed or teleported.
You can dig through walls and to a lower floor.
Your four strong arms can wield two-handed weapons with a shield.
You have a pair of large antennae on your head. (SInv)
You have sharp toenails.
You are partially covered in rugged brown scales. (AC +1, +3% HP)
You are robust. (+10% HP)
Your muscles are strong. (Str +2)


Message History

You claw the skeletal warrior, but do no damage.
The skeletal warrior is lightly damaged.
You block the skeletal warrior's attack.
You barely miss the skeletal warrior.
You claw the skeletal warrior, but do no damage.
The skeletal warrior is lightly damaged.
You block the skeletal warrior's attack.
You hit the skeletal warrior but do no damage.
You claw the skeletal warrior, but do no damage.
The skeletal warrior is lightly damaged.
You block the skeletal warrior's attack.
You hit the skeletal warrior but do no damage.
The skeletal warrior is lightly damaged.
The skeletal warrior hits you with a dire flail of flaming!!
The skeletal warrior burns you!
* * * LOW HITPOINT WARNING * * *
The skeletal warrior hits you with a dire flail of flaming!!
* * * LOW HITPOINT WARNING * * *
The skeletal warrior burns you.
You die...

{ { #####+# ###
#..⌠..#
#§##########.....#
.§'...8....'.....###
.§'........)..∩.@z.#
.≈'...8....).....###
#.##########.....+
##.# #..⌠..# #.##
####### .## ## #


You could see a skeletal warrior.

Vanquished Creatures
  A two-headed ogre (D:9)
  2 gargoyles (Volcano)
  2 trolls (D:9)
  Prince Ribbit (D:7)
  A hippogriff (D:9)
  3 flying skulls (Volcano)
  6 humans
  4 hogs (D:7)
  2 hungry ghosts (D:7)
  A warg (D:10)
  A water moccasin (D:8)
  2 orc warriors
  A phantom (D:5)
  2 black bears
  4 ice beasts
  2 necrophages
  3 ogres
  A centaur (D:5)
  The ghost of no0bjke the Magician, an amateur DEAE (D:3)
  4 bullfrogs
  4 scorpions
  2 water moccasin skeletons
  13 wights
  A troll skeleton (Volcano)
  2 howler monkeys
  A spriggan skeleton (Volcano)
  2 crimson imps
  A jelly (D:5)
  6 hounds
  2 bullfrog skeletons
  A centaur zombie (D:6)
  3 orc priests (D:7)
  A bullfrog zombie (D:9)
  A gnoll shaman (D:8)
  10 orc wizards
  Terence (D:2)
  Natasha (twice) (D:3)
  2 iguanas
  3 worker ants
  A statue (D:5)
  A howler monkey zombie (D:9)
  A worker ant zombie (D:7)
  A howler monkey skeleton (D:5)
  13 gnolls
  11 adders
  2 shadow imps (D:8)
  An adder skeleton (D:4)
  5 worms
  2 dart slugs
  3 leopard geckos
  32 orcs
  7 bats
  4 giant cockroaches
  13 hobgoblins
  17 jackals
  4 quokkas
  3 ball pythons
  7 frilled lizards
  14 goblins
  A jackal skeleton (D:4)
  15 kobolds
  A leopard gecko skeleton (D:7)
  5 rats
266 creatures vanquished.

Notes
Turn   | Place    | Note
-------+----------+-------------------------------------------
     0 | D:1      | grindst0ne the Formicid Fighter began the quest for the Orb.
     0 | D:1      | Reached XP level 1. HP: 18/18 MP: 1/1
   202 | D:1      | Reached XP level 2. HP: 25/25 MP: 2/2
   263 | D:1      | Reached skill level 4 in Fighting
   596 | D:1      | Reached XP level 3. HP: 31/31 MP: 3/3
   846 | D:2      | Found a snail-covered altar of Cheibriados.
  1237 | D:2      | Reached skill level 5 in Fighting
  1244 | D:2      | Reached XP level 4. HP: 39/39 MP: 4/4
  1323 | D:2      | Found a glowing golden altar of the Shining One.
  1538 | D:2      | Noticed Terence
  1550 | D:2      | Killed Terence
  1550 | D:2      | Reached XP level 5. HP: 31/44 MP: 5/5
  1686 | D:3      | Found a shadowy altar of Dithmenos.
  1851 | D:3      | Noticed Natasha
  1870 | D:3      | Killed Natasha
  1870 | D:3      | Reached skill level 5 in Shields
  2209 | D:3      | Found a sacrificial altar of Ru.
  2335 | D:3      | Noticed no0bjke's ghost (amateur DEAE)
  2368 | D:3      | Killed no0bjke's ghost
  2368 | D:3      | Reached XP level 6. HP: 46/51 MP: 6/6
  2508 | D:3      | Noticed Natasha
  2517 | D:3      | Killed Natasha
  2854 | D:4      | Found a shimmering altar of Xom.
  3082 | D:4      | Noticed an ice beast
  3091 | D:4      | Reached XP level 7. HP: 41/56 MP: 7/7
  3341 | D:4      | Found a basalt altar of Yredelemnul.
  4085 | D:5      | Entered Level 5 of the Dungeon
  4109 | D:5      | Gained mutation: Your mind is acute. (Int +2) [potion of mutation]
  4109 | D:5      | Gained mutation: You have large cloven feet. [potion of mutation]
  4110 | D:5      | Lost mutation: Your mind is acute. (Int +2) [potion of mutation]
  4110 | D:5      | Lost mutation: You have large cloven feet. [potion of mutation]
  4110 | D:5      | Gained mutation: Your magical capacity is low. (-10% MP) [potion of mutation]
  4110 | D:5      | Gained mutation: You are somewhat resistant to further mutation. [potion of mutation]
  4110 | D:5      | Gained mutation: Your muscles are strong. (Str +2) [potion of mutation]
  4339 | D:5      | Reached XP level 8. HP: 58/62 MP: 7/7
  4355 | D:5      | Reached skill level 5 in Armour
  4822 | D:5      | Found a radiant altar of Vehumet.
  5303 | D:6      | Noticed a human
  5328 | D:6      | Killed a human
  5328 | D:6      | Reached XP level 9. HP: 68/68 MP: 8/8
  5448 | D:6      | Reached skill level 10 in Armour
  5584 | D:6      | Found a stormy altar of Qazlal.
  5676 | D:6      | Found an ancient bone altar of Kikubaaqudgha.
  5822 | D:6      | Found a hazy altar of Hepliaklqana.
  5849 | D:6      | Found a glowing silver altar of Zin.
  6231 | D:7      | Paralysed by fainting for 6 turns
  6274 | D:7      | Noticed Prince Ribbit
  6305 | D:7      | Killed Prince Ribbit
  6305 | D:7      | Reached skill level 5 in Evocations
  6408 | D:7      | Lost mutation: Your magical capacity is low. (-10% MP) [potion of mutation]
  6408 | D:7      | Lost mutation: Your muscles are strong. (Str +2) [potion of mutation]
  6408 | D:7      | Lost mutation: You are somewhat resistant to further mutation. [potion of mutation]
  6408 | D:7      | Gained mutation: Your muscles are strong. (Str +2) [potion of mutation]
  6408 | D:7      | Gained mutation: Your mind is acute. (Int +2) [potion of mutation]
  6408 | D:7      | Gained mutation: You are frail. (-10% HP) [potion of mutation]
  6408 | D:7      | Gained mutation: You possess an exceptional clarity of mind. [potion of mutation]
  6433 | D:7      | Reached XP level 10. HP: 50/68 MP: 13/13
  6440 | D:7      | Reached skill level 6 in Fighting
  6710 | D:7      | Found a staircase to the Ecumenical Temple.
  6715 | Temple   | Entered the Ecumenical Temple
  6765 | Temple   | Became a worshipper of Trog the Wrathful
  6964 | D:7      | Reached skill level 7 in Fighting
  7243 | D:7      | Reached skill level 8 in Fighting
  7749 | D:7      | Reached * piety under Trog
  7749 | D:7      | Reached skill level 9 in Fighting
  7826 | D:8      | Reached skill level 10 in Fighting
  8096 | D:8      | Found a staircase to the Lair.
  8120 | D:8      | Reached ** piety under Trog
  8152 | D:8      | Found an iron altar of Okawaru.
  8158 | D:8      | You fall through a shaft for 2 floors!
  8158 | D:10     | Entered Level 10 of the Dungeon
  8158 | D:10     | Found a staircase to the Orcish Mines.
  8298 | D:9      | Reached skill level 11 in Fighting
  8304 | D:9      | Found a blossoming altar of Fedhas.
  8508 | D:9      | Reached XP level 11. HP: 82/83 MP: 14/14
  8536 | D:9      | Noticed a two-headed ogre
  8540 | D:9      | Killed a two-headed ogre
  9037 | D:9      | Lost mutation: You possess an exceptional clarity of mind. [potion of mutation]
  9037 | D:9      | Lost mutation: You are frail. (-10% HP) [potion of mutation]
  9037 | D:9      | Lost mutation: Your muscles are strong. (Str +2) [potion of mutation]
  9037 | D:9      | Lost mutation: Your mind is acute. (Int +2) [potion of mutation]
  9037 | D:9      | Gained mutation: You have sharp toenails. [potion of mutation]
  9037 | D:9      | Gained mutation: Your muscles are strong. (Str +2) [potion of mutation]
  9037 | D:9      | Gained mutation: You are robust. (+10% HP) [potion of mutation]
  9037 | D:9      | Gained mutation: You are partially covered in rugged brown scales. (AC +1, +3% HP) [potion of mutation]
  9646 | Lair:1   | Entered Level 1 of the Lair of Beasts
  9655 | Lair:1   | Found a dark tunnel.
  9669 | Lair:1   | Reached *** piety under Trog
  9685 | Volcano  | Entered a volcano
  9968 | Volcano  | Noticed a skeletal warrior
  9973 | Volcano  | HP: 2/105 [skeletal warrior/dire flail of flaming (21)]
  9973 | Volcano  | Slain by a skeletal warrior

Skill      XL: |  1  2  3  4  5  6  7  8  9 10 11 |
---------------+----------------------------------+-----
Fighting       | 4 5 11 | 11.1
Shields        | 4 6 7 9 |  9.0
Armour         | 4 8 10 | 10.1
Evocations     | 5 9 |  9.7
Axes           | |  2.0

Action                   |  1- 3 |  4- 6 |  7- 9 | 10-12 || total
-------------------------+-------+-------+-------+-------++-------
Melee: War axe           |   114 |   190 |   515 |   527 ||  1346
       Kick              |       |       |       |    33 ||    33
Invok: Burn Spellbooks   |       |       |       |     2 ||     2
 Abil: Dig               |       |     5 |    18 |    13 ||    36
Evoke: Wand              |       |       |       |     4 ||     4
  Use: Scroll            |       |       |    17 |     7 ||    24
       Potion            |       |       |     3 |     3 ||     6
 Stab: Distracted        |       |       |     1 |       ||     1
  Eat: Chunk             |     1 |     7 |    12 |    14 ||    34
       Bread ration      |       |       |     4 |     2 ||     6
Armor: Scale mail        |    46 |       |       |       ||    46
       Plate armour      |    24 |   123 |   229 |   300 ||   676
Dodge: Dodged            |    31 |    44 |   129 |   178 ||   382
Block: Shield            |    78 |   113 |   293 |   416 ||   900
